cohdb
Replays
Latest Replays
All Replays
Popular Replays
Top Player Replays
Match Explorer
How It Works
Community
CoH3 Stats
Reddit
Sign in to upload your games and track your stats! →
Sign in with Steam
Match 43842866
Unlisted
Match 43842866
Overview
Messages
Build Orders
End
Engineer Squad
Construct Barracks
Selects Armored Battlegroup
Selects Veteran Crews
1⁄4-ton 4x4 Truck
Riflemen Squad
Riflemen Squad
Infantry Support Center
Riflemen Squad
Construct Motor Pool
Scout Squad
Selects Fast Deploy
M8 Greyhound Armored Car
Grenade Package
Construct Medical Station
M1918 Browning Automatic Rifles
Selects M31 Recovery Vehicle
Selects War Machine
M8 Greyhound Armored Car
M1 Anti-tank Gun Team
M1 Anti-tank Gun Team
Construct Tank Depot
Selects Seek and Destroy
Selects UNKNOWN (2160077)
Construct Weapon Support Center
M4A3E8 Sherman Easy Eight
M18 Hellcat Tank Destroyer
M1919 Machine Gun Team
Caruot_9
Arturokq
Kit Fisto's Alcoholic Cousin
kristianjohnsen
0
0
Comments
sign in to comment!
No comments posted yet!